 Dungeon Crawl Stone Soup version 0.30.0-29-ga12c61a403 (webtiles) character file.

Game seed: 16084400677049707083

15 LustLizard the Conjurer (level 2, -7/18 HPs)
             Began as an Octopode Conjurer on June 24, 2023.
             Mangled by a gnoll
             ... wielding a +0 flail
              (9 damage)
             ... on level 2 of the Dungeon.
             The game lasted 00:00:36 (1201 turns).

LustLizard the Conjurer (Octopode Conjurer)         Turns: 1201, Time: 00:00:36

Health: -7/18      AC:  1    Str:  6    XL:     2   Next: 50%
Magic:  0/5        EV: 13    Int: 20    God:
Gold:   66         SH:  0    Dex: 10    Spells: 4/5 levels left

rFire   . . .        (no weapon)
rCold   . . .        (no shield)
rNeg    . . .        (helmet restricted)
rPois   .            (no amulet)
rElec   .            (no ring)
rCorr   .            (no ring)
SInv    .            (no ring)
Will    .....        (no ring)
Stlth   +++          (no ring)
HPRegen 0.23/turn    (no ring)
MPRegen 0.09/turn    (no ring)
                     (no ring)

%: no passive effects
@: no status effects
A: almost no armour, amphibious, 8 rings, camouflage 1, gelatinous body 1,
(nimble swimmer 1), tentacles
a: no special abilities


You were on level 2 of the Dungeon.
You visited 1 branch of the dungeon, and saw 2 of its levels.

You collected 66 gold pieces.

Inventory:

Scrolls
 d - 2 scrolls of identify {unknown}
 f - a scroll of enchant armour {unknown}
Potions
 a - a potion of magic
 b - a potion of flight {unknown}
 c - a potion of curing {unknown}
 e - a potion of lignification {unknown}


   Skills:
 + Level 0.6 Fighting
 - Level 2.0 Dodging
 + Level 3.0 Stealth
 + Level 0.4 Unarmed Combat
 + Level 2.1 Spellcasting
 * Level 4.2 Conjurations


You had 4 spell levels left.
You knew the following spells:

 Your Spells              Type           Power      Damage    Failure   Level
a - Magic Dart            Conj           76%        1d6       2%          1

Your spell library contained the following spells:

 Spells                   Type           Power      Damage    Failure   Level
 Searing Ray              Conj           38%        2d5       4%          2
 Beastly Appendage        Tmut           4%         N/A       16%         1
 Dazzling Flash           Conj/Hex       20%        N/A       21%         3
 Wereblood                Tmut           2%         N/A       24%         2
 Ozocubu's Armour         Ice            2%         N/A       43%         3
 Spider Form              Tmut/Pois      2%         N/A       43%         3
 Fulminant Prism          Conj/Hex       5%         3d7       54%         4
 Iskenderun's Mystic Bla  Conj/Tloc      10%        2d4       54%         4
 Metabolic Englaciation   Hex/Ice        1%         N/A       99%         5
 Simulacrum               Ice/Necr       1%         N/A       100%        6


Dungeon Overview and Level Annotations

Branches:
Dungeon (2/15)

Altars:


Innate Abilities, Weirdness & Mutations

You cannot wear most types of armour.
You are amphibious.
You can wear up to eight rings at the same time.
Your skin changes colour to match your surroundings (Stealth+).
Your rubbery body absorbs attacks. (AC +1, EV +1)
((You are camouflaged when in or above water. (Stealth+)))
You have tentacles for arms and can constrict up to eight enemies at once.


Message History

Done exploring.
Done exploring.
There is a stone staircase leading down here.
You climb downwards.
Found 8 gold pieces.
There is a stone staircase leading up here.
You now have 60 gold pieces (gained 8).
You now have 66 gold pieces (gained 6).
Found a spear.
A goblin comes into view. It is wielding a +0 dagger.
A goblin is nearby!
The magic dart hits the goblin.
You kill the goblin!
Your Stealth skill increases to level 3!
You can't see any susceptible monsters within range! (Use Z to cast anyway.) Magic restored.
You open the door.
There is an open door here.
Found 2 stones and a leather armour.
Found a robe. 2 gnolls come into view.
There are monsters nearby!
The magic dart hits the gnoll but does no damage.
The gnoll shouts!
You hear a shout! x2
The magic dart hits the gnoll but does no damage.
The magic dart hits the gnoll but does no damage.
The magic dart hits the gnoll but does no damage.
A gnoll comes into view. It is wielding a +0 flail.
The magic dart hits the gnoll.
The gnoll is moderately wounded.
The gnoll hits you with a +0 flail.
Unknown command.
A gnoll comes into view. It is wielding a +0 spear.
The gnoll attacks as you move away! The gnoll hits you with a +0 flail!
Ouch! That really hurt!
* * * LOW HITPOINT WARNING * * *
Unknown command.
The gnoll attacks as you move away! The gnoll hits you with a +0 flail!
Ouch! That really hurt!
You die...

## #.# #.#######. #
####.## #......... #
#.....# ##..##.###
####.##..# #..###.###
.........# ##........##
####.#...# #.....(.[..#
...#.....# #...###....#
##.###..#######...# .....#
##.# ...........@.# .[...
##.##...#######.#g##..#..#
..<.....# #.#..g...g.#
.......... ..####..##.#
##.##..### #### ..# ..# .#
..# #.# # ..# .## #.# . g#


You could see 2 gnolls.

Vanquished Creatures
  2 ball pythons (D:1)
  2 bats (D:1)
  3 endoplasms (D:1)
  2 goblins
  A hobgoblin (D:1)
  A jackal (D:1)
  A rat (D:1)
12 creatures vanquished.

Notes
Turn   | Place    | Note
-------+----------+-------------------------------------------
     0 | D:1      | LustLizard the Octopode Conjurer began the quest for the
                  | Orb.
     0 | D:1      | Reached XP level 1. HP: 11/11 MP: 3/3
   216 | D:1      | Reached XP level 2. HP: 18/18 MP: 1/5
  1201 | D:2      | Mangled by a gnoll

Illustrated notes

Levels and vault maps discovered:
D:1:      eino_arrival_druids_welcome, layout_basic, st_stairs_3
D:2:      layout_loops_ring, serial_bayou_pond_d, minivault_26, minivault_26,
          nrook_mini_vaults, lemuel_flame_loot_1, uniq_crazy_yiuf_cottage

Skill      XL: |  1  2 |
---------------+-------+-----
Stealth        | 3 |  3.0
Fighting       | |  0.6
Dodging        | |  2.0
Unarmed Combat | |  0.4
Spellcasting   | |  2.1
Conjurations   | |  4.2

Action                     || total
---------------------------++-------
  Melee: Unarmed           ||     4
         Constrict         ||     1
   Cast: Magic Dart        ||    26
 Armour: Skin              ||     1
  Dodge: Dodged            ||     1
